 Dungeon Crawl Stone Soup version 0.31-a0-920-g28cbb04a8c (webtiles) character file.

Game seed: 10229248057798398879

271 lessens the Shield-Bearer (level 6, -1/79 HPs)
             Began as a Gnoll Fighter on Oct 17, 2023.
             Slain by an orc
             ... wielding a +0 club
              (3 damage)
             ... on level 3 of the Dungeon.
             The game lasted 00:01:46 (2315 turns).

lessens the Shield-Bearer (Gnoll Fighter)           Turns: 2315, Time: 00:01:47

Health: -1/79      AC:  7    Str: 17    XL:     6   Next: 23%
Magic:  8/8        EV: 10    Int:  7    God:
Gold:   73         SH:  0    Dex: 12    Spells: 8/8 levels left

rFire   . . .        a - +0 war axe
rCold   . . .        c - +0 buckler
rNeg    . . .        b - +0 scale mail
rPois   .            (no helmet)
rElec   .            (no cloak)
rCorr   .            (no gloves)
SInv    .            (no boots)
Will    +....        (no amulet) Stlth
                     (no ring)
HPRegen 0.33/turn    (no ring)
MPRegen 0.11/turn

%: no passive effects
@: confused, berserking, lethally poisoned (-1 -> -13), enlightened, flying,
very quick
A: fangs 1, strong nose, distributed training
a: no special abilities


You were on level 3 of the Dungeon.
You visited 1 branch of the dungeon, and saw 3 of its levels.

You collected 73 gold pieces.

Inventory:

Hand Weapons
 a - a +0 war axe (weapon)
Missiles
 e - 33 stones
 n - 8 poisoned darts
Armour
 b - a +0 scale mail (worn)
 c - a +0 buckler (worn)
Jewellery
 l - a ring of fire
Wands
 d - a wand of flame (12)
Scrolls
 j - 2 scrolls of teleportation {unknown}
 k - 3 scrolls of identify {unknown}
 o - a scroll of poison {unknown}
 q - a scroll of enchant weapon {unknown}
 r - a scroll of vulnerability {unknown}
 s - a scroll of revelation {unknown}
 t - a scroll of torment {unknown}
Potions
 f - a potion of lignification {unknown}
 g - a potion of ambrosia {unknown}
 h - a potion of haste {unknown}
 i - a potion of curing {unknown}
 m - a potion of enlightenment
 p - a potion of heal wounds {unknown}
 u - a potion of berserk rage


   Skills:
 + Level 6.8 Fighting
 + Level 1.9 Short Blades
 + Level 1.9 Long Blades
 + Level 4.9 Axes
 + Level 1.9 Maces & Flails
 + Level 1.9 Polearms
 + Level 1.9 Staves
 + Level 1.9 Ranged Weapons
 + Level 1.9 Throwing
 + Level 6.8 Armour
 + Level 1.9 Dodging
 + Level 1.9 Stealth
 + Level 6.8 Shields
 + Level 1.9 Unarmed Combat
 + Level 1.9 Spellcasting
 + Level 1.5 Conjurations
 + Level 1.5 Hexes
 + Level 1.5 Summonings
 + Level 1.5 Necromancy
 + Level 1.5 Translocations
 + Level 1.5 Transmutations
 + Level 1.5 Fire Magic
 + Level 1.5 Ice Magic
 + Level 1.5 Air Magic
 + Level 1.5 Earth Magic
 + Level 1.5 Poison Magic
 + Level 2.1 Invocations
 + Level 1.9 Evocations
 + Level 1.7 Shapeshifting


You had 8 spell levels left.
You didn't know any spells.
Your spell library contained the following spells:

 Spells                   Type           Power      Damage    Failure   Level
 Shock                    Conj/Air       8%         1d3       61%         1
 Blink                    Tloc           4%         N/A       75%         2
 Lesser Beckoning         Tloc           4%         N/A       75%         2
 Momentum Strike          Conj/Tloc      4%         3d8       75%         2
 Swiftness                Air            2%         N/A       93%         3
 Airstrike                Air            1%         2d(1-17)  100%        4


Dungeon Overview and Level Annotations

Branches:
Dungeon (3/15) Zot: 15639

Altars:

Shops:
D:3 (

Annotations:
D:3 Robin


Innate Abilities, Weirdness & Mutations

You have very sharp teeth.
Your uncanny sense of smell can sniff out nearby items.
Your experience applies equally to all skills.


Message History

You closely miss the goblin. The goblin barely misses you.
You hear some strange, mumbled words.
You are confused.
Robin barely misses you. The orc hits you with a +0 hand axe.
Robin hits you with a +2 dagger of venom.
You are poisoned.
The orc shoots an arrow.
The arrow hits you but does no damage.
You hear some strange, mumbled words.
You are more confused.
The goblin hits you with a +0 club.
You are too injured to fight recklessly!
You miss the orc. You bite the orc.
The orc is severely wounded.
You hit Robin but do no damage. You closely miss the goblin.
You miss something.
You feel very sick. The goblin hits you with a +0 club.
You hear some strange, mumbled words.
A puff of flame appears from out of thin air!
The puff of flame hits you.
* * * LOW HITPOINT WARNING * * *
The orc shoots an arrow.
The arrow completely misses you. The orc barely misses you.
Robin closely misses you.
It was a potion of enlightenment.
You feel very buoyant.
You fly up into the air.
You feel sick. The goblin hits you with a +0 club.
* * * LOW HITPOINT WARNING * * *
Something hits you but does no damage. The orc barely misses you.
Robin hits you with a +2 dagger of venom.
* * * LOW HITPOINT WARNING * * *
You are more poisoned.
It was a potion of berserk rage.
A red film seems to cover your vision as you go berserk!
You feel yourself moving faster!
You feel mighty!
* * * LOW HITPOINT WARNING * * *
You feel very sick. The goblin barely misses you. Something hits you.
* * * LOW HITPOINT WARNING * * *
The orc hits you with a +0 club.
You die...

..####.#.#....###
#...............#
#...............##
########..#......#
#........##.
#...........
#...........
#...ogo..##
#.∩)@oo..#
#..#g{...#
##.#.....#∆
###........
#....>.#. ##)....#
##...# ...#


You could see Robin, 4 orcs and a goblin (strong).

Vanquished Creatures
  A water moccasin (D:3)
  Ijyb (D:3)
  2 orc wizards (D:3)
  3 adders (D:2)
  A worm (D:2)
  5 orcs (D:3)
  2 ball pythons
  3 endoplasms
  12 goblins
  6 hobgoblins
  A quokka (D:1)
  6 bats (D:2)
  2 frilled lizards
  6 kobolds
  3 rats
54 creatures vanquished.

Notes
Turn   | Place    | Note
-------+----------+-------------------------------------------
     0 | D:1      | lessens the Gnoll Fighter began the quest for the Orb.
     0 | D:1      | Reached XP level 1. HP: 23/23 MP: 1/1
   185 | D:1      | Reached XP level 2. HP: 24/29 MP: 2/2
  1150 | D:2      | Identified the +0 short sword of Wubell {heavy, Dex+2}
  1446 | D:2      | Reached XP level 3. HP: 34/35 MP: 3/3
  1642 | D:2      | Reached skill level 1 in Invocations
  1708 | D:2      | Reached skill level 1 in Short Blades
  1708 | D:2      | Reached skill level 1 in Long Blades
  1708 | D:2      | Reached skill level 1 in Maces & Flails
  1708 | D:2      | Reached skill level 1 in Polearms
  1708 | D:2      | Reached skill level 1 in Staves
  1708 | D:2      | Reached skill level 1 in Ranged Weapons
  1708 | D:2      | Reached skill level 1 in Throwing
  1708 | D:2      | Reached skill level 1 in Dodging
  1708 | D:2      | Reached skill level 1 in Stealth
  1708 | D:2      | Reached skill level 1 in Unarmed Combat
  1708 | D:2      | Reached skill level 1 in Spellcasting
  1708 | D:2      | Reached skill level 1 in Evocations
  1717 | D:2      | Reached XP level 4. HP: 39/41 MP: 5/5
  1862 | D:3      | Noticed a water moccasin
  1870 | D:3      | Killed a water moccasin
  1871 | D:3      | Reached skill level 1 in Conjurations
  1871 | D:3      | Reached skill level 1 in Hexes
  1871 | D:3      | Reached skill level 1 in Summonings
  1871 | D:3      | Reached skill level 1 in Necromancy
  1871 | D:3      | Reached skill level 1 in Translocations
  1871 | D:3      | Reached skill level 1 in Transmutations
  1871 | D:3      | Reached skill level 1 in Fire Magic
  1871 | D:3      | Reached skill level 1 in Ice Magic
  1871 | D:3      | Reached skill level 1 in Air Magic
  1871 | D:3      | Reached skill level 1 in Earth Magic
  1871 | D:3      | Reached skill level 1 in Poison Magic
  1871 | D:3      | Reached skill level 1 in Shapeshifting
  1871 | D:3      | Reached XP level 5. HP: 29/47 MP: 5/7
  1943 | D:3      | Noticed Ijyb
  1958 | D:3      | Killed Ijyb
  2012 | D:3      | Reached XP level 6. HP: 31/53 MP: 8/8
  2293 | D:3      | Found Neonoe's Antique Weapon Emporium.
  2300 | D:3      | Noticed Robin
  2315 | D:3      | HP: 2/79 [something (3)]
  2315 | D:3      | Slain by an orc

Illustrated notes

Levels and vault maps discovered:
D:1:      dpeg_arrival_stone_temple_mockup, layout_basic, chequers_mini_garden
D:2:      layout_basic, minmay_tetromino_s4
D:3:      minmay_inner_zag, layout_basic, chequers_temple_overflow_minitemple,
          serial_shops, shop, shop, shop, nicolae_shop_bloodbath_and_beyond,
          uniq_robin, uniq_ijyb

Skill      XL: |  1  2  3  4  5 |
---------------+----------------+-----
Invocations    | 1 2 |  2.1
Short Blades   | 1 |  1.9
Long Blades    | 1 |  1.9
Maces & Flails | 1 |  1.9
Polearms       | 1 |  1.9
Staves         | 1 |  1.9
Ranged Weapons | 1 |  1.9
Throwing       | 1 |  1.9
Dodging        | 1 |  1.9
Stealth        | 1 |  1.9
Unarmed Combat | 1 |  1.9
Spellcasting   | 1 |  1.9
Evocations     | 1 |  1.9
Conjurations   | 1 |  1.5
Hexes          | 1 |  1.5
Summonings     | 1 |  1.5
Necromancy     | 1 |  1.5
Translocations | 1 |  1.5
Transmutations | 1 |  1.5
Fire Magic     | 1 |  1.5
Ice Magic      | 1 |  1.5
Air Magic      | 1 |  1.5
Earth Magic    | 1 |  1.5
Poison Magic   | 1 |  1.5
Shapeshifting  | 1 |  1.7
Fighting       | |  6.8
Axes           | |  4.9
Armour         | |  6.8
Shields        | |  6.8

Action                     |  1- 3 |  4- 6 || total
---------------------------+-------+-------++-------
  Melee: War axe           |    78 |    73 ||   151
         Bite              |     3 |     9 ||    12
    Use: Potion            |       |     3 ||     3
 Armour: Scale mail        |    54 |    73 ||   127
  Dodge: Dodged            |    32 |    51 ||    83
  Block: Buckler           |    23 |    20 ||    43

Table legend: (Time is in decaauts)
 A = Elapsed time spent in this place.
 B = Non-inter-level travel time spent in this place.
 C = Inter-level travel time spent in this place.
 D = Time resting spent in this place.
 E = Time spent auto-exploring this place.
 F = Levels seen in this place.
 G = Mean time per level.
                   A        B        C        D        E       F      G
               +--------+--------+--------+--------+--------+-----+--------+
         Total |   2359 |   2306 |     53 |      0 |   1960 |   3 |  786.3 |
       Dungeon |   2359 |   2306 |     53 |      0 |   1960 |   3 |  786.3 |
               +--------+--------+--------+--------+--------+-----+--------+

Top non-repeatable levels by time:
     D:1: 954 daAuts
     D:2: 918 daAuts
     D:3: 487 daAuts

Levels and vault maps discovered:
D:1:      dpeg_arrival_stone_temple_mockup, layout_basic, chequers_mini_garden
D:2:      layout_basic, minmay_tetromino_s4
D:3:      minmay_inner_zag, layout_basic, chequers_temple_overflow_minitemple,
          serial_shops, shop, shop, shop, nicolae_shop_bloodbath_and_beyond,
          uniq_robin, uniq_ijyb
